 Dungeon Crawl Stone Soup version 0.21.0-3-g78d12a8bdd (webtiles) character file.

208 NullDivider the Charlatan (level 5, -1/27 HPs)
             Began as a Spriggan Artificer on Jan 17, 2018.
             Shot with an arrow by a centaur (11 damage)
             ... on level 4 of the Dungeon.
             The game lasted 00:18:59 (4861 turns).

NullDivider the Charlatan (Spriggan Artificer)      Turns: 4861, Time: 00:19:00

Health: -1/27      AC:  3    Str:  8    XL:     5   Next: 55%
Magic:  9/9        EV: 22    Int: 13    God:
Gold:   182        SH:  0    Dex: 17    Spells: 4/4 levels left

rFire    . . .     SeeInvis +   a - +0 short sword
rCold    . . .     Gourm    .   (shield restricted)
rNeg     . . .     Faith    .   b - +0 robe
rPois    .         Spirit   .   (helmet restricted)
rElec    .         Reflect  .   t - +0 cloak
rCorr    .         Harm     .   (gloves unavailable)
MR       .....                  (boots unavailable)
Stlth    +++.......             (no amulet)
HPRegen  0.09/turn              h - ring of flight
MPRegen  0.11/turn              m - +3 ring of evasion

@: very quick
A: very small, unfitting armour, see invisible, herbivore, speed 3, slow
metabolism 2
a: Evoke Flight


You were on level 4 of the Dungeon.
You were not hungry.

You visited 1 branch of the dungeon, and saw 4 of its levels.

You collected 182 gold pieces.

Inventory:

Hand Weapons
 a - a +0 short sword (weapon)
 u - a +1 long sword of holy wrath
Missiles
 j - 17 arrows
Armour
 b - a +0 robe (worn)
 t - a +0 cloak (worn)
Jewellery
 h - a ring of flight (left hand)
 m - a +3 ring of evasion (right hand)
Wands
 c - a wand of flame (7)
 d - a wand of enslavement (11)
 e - a wand of random effects (12)
Scrolls
 g - 4 scrolls of teleportation {unknown}
 i - a scroll of fog {unknown}
 l - a scroll of fear {unknown}
 o - 2 scrolls of remove curse {unknown}
 q - a scroll of amnesia {unknown}
 r - 2 scrolls of identify {unknown}
Potions
 k - 2 potions of berserk rage {unknown}
 n - a potion of magic {unknown}
 p - a potion of might {unknown}
 s - 3 potions of curing {unknown}
Comestibles
 f - 4 rations


   Skills:
 * Level 2.7 Fighting
 + Level 2.6 Short Blades
 + Level 4.3 Dodging
 + Level 3.4 Stealth
 + Level 4.9 Evocations


You had 4 spell levels left.
You didn't know any spells.

Dungeon Overview and Level Annotations

Branches:
Dungeon (4/15)
 Temple: D:4-7

Altars:
Ashenzari
Trog


Innate Abilities, Weirdness & Mutations

You are very small and have problems with some larger weapons.
You are too small for most types of armour.
You have supernaturally acute eyesight. (SInv)
You are a herbivore.
You cover ground extremely quickly.
You need consume almost no food.


Message History

You climb downwards.
The centaur shoots an arrow.
The arrow barely misses you. The ogre completely misses you.
There is a stone staircase leading up here.
You see here 3 arrows.
Evoke which item? (* to show all) (? for menu, Esc to quit)
Aiming: Enslavement
Press: ? - help, Shift-Dir - straight line, f - ogre
Aim: an ogre, wielding a giant club (chance to defeat MR: 61%)
The ogre resists with significant effort.
The centaur shoots an arrow.
The arrow hits you!
Ouch! That really hurt!
The ogre closely misses you.
The centaur shoots an arrow.
The arrow completely misses you.
Evoke which item? (* to show all) (? for menu, Esc to quit)
Aiming: Enslavement
Press: ? - help, Shift-Dir - straight line, f/p - ogre
Aim: an ogre, wielding a giant club (chance to defeat MR: 61%)
The ogre resists with significant effort.
The centaur shoots an arrow.
The arrow hits you!
You die...

## .#
###.###
......#
#...c.#
+.....#
#.###.....#
#..(O@....#
###.#...).#
......!..#
#.#.....#.#
#.#.#.....#
# #.#.#####
..#.# ##
#.#


You could see an ogre and a centaur.

Vanquished Creatures
  An orc priest (D:3)
  Crazy Yiuf (D:3)
  6 adders
  A worm (D:3)
  3 dart slugs
  2 leopard geckos (D:3)
  5 orcs
  7 giant cockroaches
  7 hobgoblins
  14 jackals
  11 kobolds
  A quokka (D:2)
  4 bats
  5 frilled lizards
  6 goblins
  5 rats
79 creatures vanquished.

Vanquished Creatures (collateral kills)
  An orc (D:3)
1 creature vanquished.

Vanquished Creatures (others)
  An adder (D:3)
  A goblin (D:1)
2 creatures vanquished.

Grand Total: 82 creatures vanquished

Notes
Turn   | Place    | Note
-------+----------+-------------------------------------------
     0 | D:1      | NullDivider the Spriggan Artificer began the quest for the Orb.
     0 | D:1      | Reached XP level 1. HP: 9/9 MP: 4/4
   197 | D:1      | Reached skill level 1 in Fighting
   625 | D:1      | Reached XP level 2. HP: 14/14 MP: 6/6
  1347 | D:1      | Reached XP level 3. HP: 9/18 MP: 7/7
  1999 | D:2      | Found a shattered altar of Ashenzari.
  2174 | D:2      | Reached XP level 4. HP: 19/23 MP: 8/8
  2226 | D:2      | Found a bloodstained altar of Trog.
  3397 | D:3      | Found a faded altar of an unknown god.
  4017 | D:3      | Reached XP level 5. HP: 9/27 MP: 9/9
  4563 | D:3      | Found a runed door.
  4567 | D:3      | Noticed Crazy Yiuf
  4583 | D:3      | Killed Crazy Yiuf
  4748 | D:4      | Noticed a centaur
  4748 | D:4      | Noticed an ogre
  4861 | D:4      | Shot with an arrow by a centaur

Skill      XL: |  1  2  3  4 |
---------------+-------------+-----
Fighting       | 1 2 |  2.7
Stealth        | 2 3 |  3.4
Short Blades   | 2 |  2.6
Dodging        | 4 |  4.3
Evocations     | |  4.9

Action                   |  1- 3 |  4- 6 || total
-------------------------+-------+-------++-------
Melee: Short sword       |   200 |   164 ||   364
Evoke: Wand              |     4 |    11 ||    15
 Stab: Sleeping          |     5 |     7 ||    12
       Distracted        |     1 |     1 ||     2
  Eat: Ration            |       |     1 ||     1
Armor: Robe              |    17 |     5 ||    22
Dodge: Dodged            |   158 |   150 ||   308
